 Dungeon Crawl Stone Soup version 0.29.1-2-gbd0b4ee654 (webtiles) character file.

Game seed: 10737694811302944382

59 qeuew the Digger (level 3, -4/28 HPs)
             Began as a Demonspawn Wanderer on Nov 9, 2022.
             Slain by Grinder (10 damage)
             ... on level 3 of the Dungeon.
             The game lasted 00:03:56 (1816 turns).

qeuew the Digger (Demonspawn Wanderer)              Turns: 1816, Time: 00:03:57

Health: -4/28      AC:  3    Str: 13    XL:     3   Next: 78%
Magic:  5/5        EV: 11    Int: 17    God:
Gold:   75         SH:  0    Dex:  9    Spells: 0/4 levels left

rFire   . . .      SeeInvis .   g - +1 hand axe (flame)
rCold   . . .      Faith    .   (no shield)
rNeg    . . .      Spirit   .   e - +0 leather armour
rPois   .          Reflect  .   (helmet restricted)
rElec   .          Harm     .   (no cloak)
rCorr   .          Rampage  .   (no gloves)
Will    .....                   (no boots)
Stlth   +.........              (no amulet)
HPRegen 0.09/turn               (no ring)
MPRegen 0.09/turn               (no ring)

@: mighty
A: horns 2
a: no special abilities


You were on level 3 of the Dungeon.
You visited 1 branch of the dungeon, and saw 3 of its levels.

You collected 75 gold pieces.

Inventory:

Hand Weapons
 g - a +1 hand axe of flaming (weapon)
Missiles
 a - 2 throwing nets
Armour
 e - a +0 leather armour (worn)
Jewellery
 d - a ring of magical power
Scrolls
 f - a scroll of teleportation {unknown}
 i - a scroll of blinking
Potions
 b - a potion of curing


   Skills:
 + Level 2.4 Fighting
 + Level 0.5(0.6) Axes
 - Level 0.1(0.4) Maces & Flails
 - Level 1.0 Throwing
 + Level 0.8 Armour
 + Level 0.8 Dodging
 + Level 1.4 Spellcasting
 + Level 1.4 Fire Magic
 + Level 3.9 Earth Magic
 - Level 1.0 Evocations


You couldn't memorise any spells.
You knew the following spells:

 Your Spells              Type           Power      Damage    Failure   Level
a - Sandblast             Erth           28%        2d8       5%          1
b - Stone Arrow           Conj/Erth      14%        3d7       34%         3

Your spell library contained the following spells:

 Spells                   Type           Power      Damage    Failure   Level
 Foxfire                  Conj/Fire      12%        2x1d4     19%         1
 Ignite Poison            Fire/Tmut/Pois 2%         N/A       54%         3
 Petrify                  Tmut/Erth      7%         N/A       75%         4


Dungeon Overview and Level Annotations

Branches:
Dungeon (3/15)

Altars:
Nemelex Xobeh

Shops:
D:2 (

Annotations:
D:3 Grinder


Innate Abilities, Weirdness & Mutations

You have a pair of horns on your head.


Message History

You can't see any susceptible monsters within range! (Use Z to cast anyway.)
f - a scroll labelled GUXAOR GAWN You now have 75 gold pieces (gained 10).
Grinder comes into view.
Found a smoky ruby potion.
Grinder shouts!
Grinder gestures at you. You resist with significant effort.
A ball python comes into view.
Grinder gestures at you.
You suddenly lose the ability to move!
Grinder gestures at you. Pain shoots through your body!
Grinder gestures at you. Pain shoots through your body!
The ball python bites you but does no damage.
The ball python grabs you. The ball python constricts you.
You can move again.
The blast of sand hits the ball python!
You kill the ball python!
Grinder gestures at you. Pain shoots through your body!
You are too injured to fight recklessly!
You feel very mighty all of a sudden.
Grinder blinks!
You see here 8 gold pieces.
Grinder barely misses you.
You barely miss Grinder. Your headbutt misses Grinder.
Grinder blinks!
Grinder gestures at you.
You suddenly lose the ability to move!
You can move again.
You see here 8 gold pieces.
You slash Grinder! You burn Grinder. You headbutt Grinder.
Grinder is moderately wounded.
Grinder hits you!
* * * LOW HITPOINT WARNING * * *
You hit Grinder. You burn Grinder.
Grinder is moderately wounded.
Grinder hits you!
You die...

....#...# ..
...#...## .#
#####......## .#
...........#####..#
#...............#
.####.........##.##.#
......)#.....###.# .#
#........####5##.##
#...######..†@....#
#................##
####...#.####.##.####
.......#.# #! #.#
####..##.#### #.#
#......... ..#
#.######## ###
####.##### .†.......#


You could see Grinder.

Vanquished Creatures
  A gnoll (D:1)
  An adder (D:3)
  A worm (D:2)
  2 dart slugs
  4 endoplasms
  A giant cockroach (D:2)
  A goblin (D:1)
  2 hobgoblins
  2 quokkas
  3 ball pythons
  4 bats
  A frilled lizard (D:3)
  7 kobolds
  3 rats
33 creatures vanquished.

Notes
Turn   | Place    | Note
-------+----------+-------------------------------------------
     0 | D:1      | qeuew the Demonspawn Wanderer began the quest for the Orb.
     0 | D:1      | qeuew set off with the following items: a +0 club, a potion
                  | of curing, a +0 robe, a potion of attraction; and the
                  | following spells available to memorise: Sandblast, Foxfire,
                  | Stone Arrow, Ignite Poison, Petrify.
     0 | D:1      | Reached XP level 1. HP: 16/16 MP: 2/2
     2 | D:1      | Learned a level 1 spell: Sandblast
   214 | D:1      | Gained mutation: You have a pair of small horns on your
                  | head. [demonic ancestry]
   214 | D:1      | Reached XP level 2. HP: 22/22 MP: 1/3
   889 | D:2      | Gained mutation: You have a pair of horns on your head.
                  | [demonic ancestry]
   889 | D:2      | Reached XP level 3. HP: 16/27 MP: 0/5
  1060 | D:2      | Found a sparkling altar of Nemelex Xobeh.
  1356 | D:2      | Found a faded altar of an unknown god.
  1356 | D:2      | Found Niniec Wuef's Weapon Shop.
  1546 | D:2      | Learned a level 3 spell: Stone Arrow
  1797 | D:3      | Noticed Grinder
  1798 | D:3      | Paralysed by Grinder for 5 turns
  1811 | D:3      | Paralysed by Grinder for 3 turns
  1816 | D:3      | Slain by Grinder

Illustrated notes

Levels and vault maps discovered:
D:1:      matt_arrival_diagonals, layout_basic
D:2:      layout_basic, basic_altar, basic_ecumenical_altar, serial_shops, shop,
          item_on_display_a
D:3:      layout_loops_ring, nrook_campfire, minmay_misc_feat_tower,
          uniq_sigmund, uniq_grinder

Action                   || total
-------------------------++-------
Melee: Club              ||    17
       Headbutt          ||     5
       Punch             ||     1
       Hand axe          ||     8
 Cast: Sandblast         ||    46
  Use: Scroll            ||     5
       Potion            ||     2
Armor: Leather armour    ||     7
Dodge: Dodged            ||    28
